 Dungeon Crawl Stone Soup version 0.32-a0-12-g7fc57aa741 (webtiles) character file.

Game seed: 16257444378683127339

21713 osuadh the Thaumaturge (level 12, -2/138 HPs)
             Began as a Gnoll Alchemist on Jan 15, 2024.
             Was a High Priest of Okawaru.
             Slain by an ettin
             ... wielding a +0 dire flail
              (31 damage)
             ... on level 1 of the Orcish Mines.
             The game lasted 00:39:46 (17565 turns).

osuadh the Thaumaturge (Gnoll Alchemist)           Turns: 17565, Time: 00:39:47

Health: -2/138     AC: 26    Str:  8    XL:     12   Next: 92%
Magic:  7/25       EV:  2    Int: 19    God:    Okawaru [*****.]
Gold:   1061       SH:  7    Dex: 16    Spells: 24/30 levels left

rFire   + . .        v - +6 war axe "Goaqunygg" {flame, Dex+3}
rCold   . . .        E - +0 buckler
rNeg    . . .        T - melded +0 chain mail {rPois}
rPois   +            (helmet currently unavailable)
rElec   .            u - melded +0 cloak
rCorr   .            L - melded +2 pair of gloves
SInv    .            (boots currently unavailable)
Will    .....        M - amulet of faith
Stlth   +++++        q - +5 ring of evasion
HPRegen 0.43/turn    C - ring of protection from fire
MPRegen 0.19/turn

%: faith
@: tree-form, silenced, heroic, attractive
A: stationary, stasis, torment immunity, boosted hp, (fangs 1), strong nose,
distributed training
a: Renounce Religion


You were on level 1 of the Orcish Mines.
You worshipped Okawaru.
Okawaru was extremely pleased with you.
You were a tree.
You visited 4 branches of the dungeon, and saw 14 of its levels.

You collected 1173 gold pieces.
You spent 112 gold pieces at shops.

Inventory:

Hand Weapons
 h - a +2 demon whip of draining
 l - the +9 spear of Makhleb's Whim {antimagic, Str+6}
   (You found it on level 2 of the Dungeon)

   Str+6:     It affects your strength (+6).
 v - the +6 war axe "Goaqunygg" (weapon) {flame, Dex+3}
   (You found it on level 5 of the Dungeon)

   Dex+3:     It affects your dexterity (+3).
 x - a +1 whip of freezing
 H - a +2 scimitar of freezing
 I - a +1 flail of holy wrath
 N - a +1 dagger of venom
 O - the +3 trident of the Nurturing Gods {flame, rF++ Dex+6}
   (You found it on level 9 of the Dungeon)

   Dex+6:     It affects your dexterity (+6).
   rF++:      It greatly protects you from fire.
Missiles
 c - 2 curare-tipped darts
 D - 4 throwing nets
 Q - 36 poisoned darts (quivered)
Armour
 u - a +0 cloak (melded)
 y - a +2 robe of cold resistance
 E - a +0 buckler (worn)
 L - a +2 pair of gloves (melded)
 T - a +0 chain mail of poison resistance (melded)
Magical Staves
 e - a staff of conjuration
Jewellery
 q - a +5 ring of evasion (left branch)
 w - a ring of resist corrosion
 C - a ring of protection from fire (right branch)
 F - a ring of positive energy
 J - an amulet of reflection
 M - an amulet of faith (around neck)
 R - a +6 ring of intelligence
Wands
 s - a wand of flame (15)
 B - a wand of roots (14)
 K - a wand of mindburst (12)
Scrolls
 f - 3 scrolls of noise
 j - 5 scrolls of amnesia
 m - 3 scrolls of revelation
 o - 2 scrolls of fog
 p - 3 scrolls of immolation
 r - 5 scrolls of enchant weapon
 t - 3 scrolls of vulnerability
Potions
 a - a potion of ambrosia
 b - a potion of magic
 d - a potion of curing
 i - a potion of might
 k - a potion of attraction
 n - 2 potions of enlightenment
 A - 3 potions of brilliance
 S - a potion of degeneration {unknown}


   Skills:
 + Level 8.0(13.0) Fighting
 + Level 8.0(13.0) Short Blades
 + Level 8.0(13.0) Long Blades
 + Level 8.0(13.0) Axes
 + Level 8.0(13.0) Maces & Flails
 + Level 8.0(13.0) Polearms
 + Level 8.0(13.0) Staves
 + Level 8.0(13.0) Ranged Weapons
 + Level 8.0(13.0) Throwing
 + Level 8.0(13.0) Armour
 + Level 9.3(14.3) Dodging
 + Level 9.1(14.1) Stealth
 + Level 8.0(13.0) Shields
 + Level 8.0(13.0) Unarmed Combat
 + Level 9.5 Spellcasting
 + Level 7.1 Conjurations
 + Level 6.7 Hexes
 + Level 6.7 Summonings
 + Level 6.7 Necromancy
 + Level 6.7 Translocations
 + Level 6.7 Fire Magic
 + Level 6.7 Ice Magic
 + Level 6.7 Air Magic
 + Level 6.7 Earth Magic
 + Level 8.7 Alchemy
 + Level 8.8 Invocations
 + Level 8.0 Evocations
 + Level 7.3 Shapeshifting


You had 24 spell levels left.
You knew the following spells:

 Your Spells              Type           Power      Damage    Failure   Level
a - Sting                 Conj/Alch      100%       1d9       1%          1
b - Mercury Vapours       Alch/Air       76%        N/A       1%          2
c - Mephitic Cloud        Conj/Alch/Air  37%        N/A       1%          3

Your spell library contained the following spells:

 Spells                   Type           Power      Damage    Failure   Level
 Apportation              Tloc           68%        N/A       1%          1
 Jinxbite                 Hex            68%        N/A       1%          2
 Hailstorm                Conj/Ice       35%        3d8       1%          3
 Olgreb's Toxic Radiance  Alch           42%        N/A       2%          4
 Sticky Flame             Fire/Alch      38%        2d8       4%          4
 Brom's Barrelling Bould  Conj/Erth      35%        2d5       6%          4
 Alistair's Intoxication  Alch           28%        N/A       8%          5
 Fireball                 Conj/Fire      17%        3d9       16%         5
 Iskenderun's Battlesphe  Conj           36%        2d9       16%         5
 Freezing Cloud           Conj/Ice/Air   17%        6-21      17%         5
 Conjure Ball Lightning   Conj/Air       17%        3x3d6     65%         6
 Orb of Destruction       Conj           18%        9d8       99%         7
 Summon Ice Beast         Ice/Summ       Unusable   N/A       N/A         3
 Sculpt Simulacrum        Ice/Alch       Unusable   N/A       N/A         6
 Malign Gateway           Summ/Tloc      Unusable   N/A       N/A         7
 Summon Horrible Things   Summ           Unusable   N/A       N/A         8

Dungeon Overview and Level Annotations

Branches:
Dungeon (11/15)            Temple (1/1) D:4            Lair (1/5) D:9
    Orc (1/2) D:9

Altars:
Ashenzari
Cheibriados
Dithmenos
Elyvilon
Fedhas
Gozag
Hepliaklqana
Kikubaaqudgha
Makhleb
Nemelex Xobeh
Okawaru
Qazlal
Ru
Sif Muna
Trog
Uskayaw
Vehumet
Wu Jian
Xom
Yredelemnul
Zin
The Shining One

Shops:
D:9 ***

Annotations:
D:10 exclusion: obsidian statue
D:11 Erica, Gastronok


Innate Abilities, Weirdness & Mutations

You are a tree.
Your roots penetrate the ground, keeping you stationary.
You cannot be teleported.
You are immune to unholy pain and torment.
Your maximum health is greatly increased.
Your equipment is partially melded.
((You have very sharp teeth.))
Your uncanny sense of smell can sniff out nearby items.
Your experience applies equally to all skills.


Message History

You hit the ettin. You burn the ettin.
The ettin is heavily wounded.
You hit the ogre. You burn the ogre.
The ettin hits you with a +0 dire flail!!
The ettin hits you with a +0 dire flail!
* * * LOW HITPOINT WARNING * * *
Okay, then.
As you read the scroll labelled DAKHLEIGON, it crumbles to dust.
A profound silence engulfs you.
It was a scroll of silence.
The ogre hits you with a +0 giant club.
* * * LOW HITPOINT WARNING * * *
You block the ettin's attack. The ettin completely misses you.
It was a potion of attraction.
You feel attractive to monsters. The ogre hits you with a +0 giant club.
* * * LOW HITPOINT WARNING * * *
You block the ettin's attack. The ettin hits you but does no damage.
It was a potion of lignification.
You turn into a tree.
Your +0 cloak melds into your body.
Your +2 pair of gloves melds into your body.
Your +0 chain mail of poison resistance melds into your body.
You no longer feel resistant to poison.
Your roots penetrate the ground.
You block the ettin's attack.
The ettin hits you with a +0 dire flail.
* * * LOW HITPOINT WARNING * * *
You hit the ettin. You burn the ettin.
The ettin is heavily wounded.
You hit the ogre. You burn the ogre. The ogre barely misses you.
The ettin hits you but does no damage.
The ettin hits you with a +0 dire flail.
* * * LOW HITPOINT WARNING * * *
You hit the ettin. You burn the ettin.
The ettin is severely wounded.
You slash the ogre! You burn the ogre. You block the ogre's attack.
You block the ettin's attack. The ettin hits you but does no damage.
You slash the ettin! You burn the ettin.
The ettin is almost dead.
You hit the ogre. You burn the ogre. You block the ettin's attack.
The ettin hits you with a +0 dire flail!!
You die...

## ####......#...# ##.#
##.##...........#
##.#...##.).........#....
#......)..)<..........#..
.#.....#..)).....##......
....##.#.))).....# ##...
... #.........#.### ##. .
.....#........#.##
.........♣.......#
........OC....#.##
................##
......#..(..#.##
..........(..##
..........(...##
...........#.## #
..............#.#..
...................


You could see an ettin (very poisoned) and an ogre.

Vanquished Creatures
  Harold (D:9)
  2 two-headed ogres
  4 centaur warriors (D:9)
  2 hell knights (D:9)
  Pikel (D:4)
  6 elephants
  A cane toad (Lair:1)
  Psyche (D:9)
  A troll (D:11)
  A hornet (D:7)
  Sigmund (D:5)
  3 vampires
  3 shadows
  2 wraiths
  2 wyverns
  6 fire bats (D:9)
  2 steam dragons
  2 vampire mosquitoes (D:10)
  Edmund (D:6)
  6 water moccasins
  A hornet zombie (D:7)
  Duvessa (D:4)
  8 orc warriors
  A sky beast (D:6)
  An ice beast (D:7)
  3 black bears
  4 ogres
  5 wolves (Lair:1)
  9 centaurs
  2 phantoms
  6 bullfrogs
  3 kobold brigands
  A weeping skull (D:9)
  2 wyvern zombies (D:7)
  A gnoll sergeant (D:10)
  2 scorpions (D:5)
  A water moccasin zombie (D:7)
  23 wights
  Dowan (D:4)
  2 troll zombies (D:9)
  A howler monkey (D:11)
  2 bullfrog zombies (D:7)
  9 centaur zombies
  A hound (D:3)
  2 jellies (D:5)
  2 bombardier beetles (D:5)
  2 sleepcaps (D:8)
  2 gnoll boudas
  11 orc priests
  2 iguanas
  17 orc wizards
  6 killer bee zombies (D:7)
  4 ogre zombies (D:9)
  A howler monkey zombie (D:7)
  8 gnolls
  8 adders
  A shadow imp (D:5)
  A white imp (D:7)
  6 ufetubi
  2 dart slugs
  A ribbon worm (D:3)
  40 orcs
  7 endoplasms
  3 giant cockroaches
  2 gnoll zombies (D:9)
  8 goblins
  10 hobgoblins
  3 quokkas
  5 ball pythons
  10 bats
  6 frilled lizards
  A gnoll skeleton (D:9)
  19 kobolds
  2 orc skeletons (D:9)
  14 orc zombies (D:9)
  6 rats
  A spectral orc (D:9)
351 creatures vanquished.

Vanquished Creatures (others)
  An orc (D:8)
1 creature vanquished.

Grand Total: 352 creatures vanquished

Notes
Turn   | Place    | Note
-------+----------+-------------------------------------------
     0 | D:1      | osuadh the Gnoll Alchemist began the quest for the Orb.
     0 | D:1      | Reached XP level 1. HP: 13/13 MP: 6/6
   209 | D:1      | Reached XP level 2. HP: 19/19 MP: 3/7
   781 | D:1      | Reached skill level 5 in Spellcasting
   781 | D:1      | Reached XP level 3. HP: 25/25 MP: 6/9
  1317 | D:1      | Reached skill level 1 in Invocations
  1430 | D:2      | Learned a level 2 spell: Mercury Vapours
  1434 | D:2      | Learned a level 3 spell: Mephitic Cloud
  1468 | D:2      | Reached skill level 1 in Fighting
  1468 | D:2      | Reached skill level 1 in Short Blades
  1468 | D:2      | Reached skill level 1 in Long Blades
  1468 | D:2      | Reached skill level 1 in Axes
  1468 | D:2      | Reached skill level 1 in Maces & Flails
  1468 | D:2      | Reached skill level 1 in Polearms
  1468 | D:2      | Reached skill level 1 in Staves
  1468 | D:2      | Reached skill level 1 in Ranged Weapons
  1468 | D:2      | Reached skill level 1 in Throwing
  1468 | D:2      | Reached skill level 1 in Armour
  1468 | D:2      | Reached skill level 1 in Shields
  1468 | D:2      | Reached skill level 1 in Unarmed Combat
  1468 | D:2      | Reached skill level 1 in Evocations
  1547 | D:2      | Reached skill level 1 in Shapeshifting
  1547 | D:2      | Reached XP level 4. HP: 32/32 MP: 7/11
  1587 | D:2      | Identified the +9 spear of Makhleb's Whim {antimagic,
                  | Str+6}
  1882 | D:2      | Reached skill level 1 in Hexes
  1882 | D:2      | Reached skill level 1 in Summonings
  1882 | D:2      | Reached skill level 1 in Necromancy
  1882 | D:2      | Reached skill level 1 in Translocations
  1882 | D:2      | Reached skill level 1 in Fire Magic
  1882 | D:2      | Reached skill level 1 in Ice Magic
  1882 | D:2      | Reached skill level 1 in Air Magic
  1882 | D:2      | Reached skill level 1 in Earth Magic
  2821 | D:3      | Found a shimmering blue altar of Sif Muna.
  2857 | D:3      | Reached XP level 5. HP: 34/37 MP: 4/12
  3109 | D:4      | Noticed a lemure
  3109 | D:4      | Noticed a lemure
  3265 | D:4      | Noticed Pikel
  3269 | D:4      | Noticed a lemure
  3269 | D:4      | Noticed a lemure
  3278 | D:4      | Killed Pikel
  3279 | D:4      | Reached skill level 5 in Dodging
  3279 | D:4      | Reached XP level 6. HP: 15/46 MP: 1/14
  3279 | D:4      | Reached XP level 7. HP: 17/51 MP: 1/15
  3452 | D:4      | Found a burning altar of Makhleb.
  3538 | D:4      | Found a glowing golden altar of the Shining One.
  3581 | D:4      | Reached skill level 5 in Stealth
  3632 | D:4      | Noticed Duvessa
  3634 | D:4      | Noticed Dowan
  3655 | D:4      | Killed Duvessa
  3795 | D:4      | Killed Dowan
  3926 | D:4      | Found a staircase to the Ecumenical Temple.
  3937 | Temple   | Entered the Ecumenical Temple
  3980 | D:5      | Entered Level 5 of the Dungeon
  4181 | D:5      | Identified the +6 war axe "Goaqunygg" {flame, Dex+3}
  4193 | D:5      | Reached XP level 8. HP: 58/58 MP: 5/16
  4331 | D:5      | Noticed Sigmund
  4349 | D:5      | Killed Sigmund
  4437 | D:5      | Found a transporter.
  4446 | D:5      | Found a transporter.
  4454 | D:5      | Noticed a wraith
  4456 | D:5      | Found a shadowy altar of Dithmenos.
  4858 | D:5      | Found a bloodstained altar of Trog.
  5122 | D:5      | Reached XP level 9. HP: 65/65 MP: 6/18
  5996 | D:6      | Noticed Edmund
  6008 | D:6      | Killed Edmund
  6009 | D:6      | Reached skill level 5 in Invocations
  6627 | D:7      | Found a hazy altar of Hepliaklqana.
  6627 | D:7      | Found an iron altar of Okawaru.
  6678 | D:7      | Became a worshipper of Warmaster Okawaru
  6902 | D:7      | Reached skill level 5 in Fighting
  6902 | D:7      | Reached skill level 5 in Short Blades
  6902 | D:7      | Reached skill level 5 in Long Blades
  6902 | D:7      | Reached skill level 5 in Axes
  6902 | D:7      | Reached skill level 5 in Maces & Flails
  6902 | D:7      | Reached skill level 5 in Polearms
  6902 | D:7      | Reached skill level 5 in Staves
  6902 | D:7      | Reached skill level 5 in Ranged Weapons
  6902 | D:7      | Reached skill level 5 in Throwing
  6902 | D:7      | Reached skill level 5 in Armour
  6902 | D:7      | Reached skill level 5 in Shields
  6902 | D:7      | Reached skill level 5 in Unarmed Combat
  6902 | D:7      | Reached skill level 5 in Evocations
  6902 | D:7      | Reached XP level 10. HP: 74/74 MP: 6/20
  7235 | D:7      | Reached * piety under Okawaru
  7934 | D:7      | Reached skill level 5 in Conjurations
  8221 | D:7      | Reached skill level 5 in Shapeshifting
  8428 | D:8      | Reached ** piety under Okawaru
  8992 | D:8      | Noticed a two-headed ogre
  9676 | D:8      | Killed a two-headed ogre
  9943 | D:9      | Found a sparkling altar of Nemelex Xobeh.
  9967 | D:9      | Found a staircase to the Lair.
 10035 | D:9      | Found a basalt altar of Yredelemnul.
 10046 | D:9      | Reached *** piety under Okawaru
 10102 | D:9      | Reached skill level 5 in Hexes
 10102 | D:9      | Reached skill level 5 in Summonings
 10102 | D:9      | Reached skill level 5 in Necromancy
 10102 | D:9      | Reached skill level 5 in Translocations
 10102 | D:9      | Reached skill level 5 in Fire Magic
 10102 | D:9      | Reached skill level 5 in Ice Magic
 10102 | D:9      | Reached skill level 5 in Air Magic
 10102 | D:9      | Reached skill level 5 in Earth Magic
 10102 | D:9      | Reached XP level 11. HP: 31/81 MP: 7/22
 10332 | D:9      | Found a staircase to the Orcish Mines.
 10543 | D:9      | Noticed Harold
 10544 | D:9      | Noticed Psyche
 10721 | D:9      | Found Xisaplei's Specific Store.
 10723 | D:9      | Found Didduvis's General Store.
 10735 | D:9      | Bought a scroll of identify for 28 gold pieces
 10735 | D:9      | Bought a scroll of amnesia for 56 gold pieces
 10735 | D:9      | Bought a scroll of identify for 28 gold pieces
 11185 | D:9      | Found a broken altar of Ashenzari.
 11326 | D:9      | Reached **** piety under Okawaru
 11516 | D:9      | Reached ***** piety under Okawaru
 11861 | D:9      | Killed Harold
 11948 | D:9      | Killed Psyche
 12024 | D:9      | Noticed a centaur warrior
 12047 | D:9      | Killed a centaur warrior
 12052 | D:9      | Noticed a centaur warrior
 12069 | D:9      | Killed a centaur warrior
 12069 | D:9      | Received a gift from Okawaru
 12168 | D:9      | Reached XP level 12. HP: 68/91 MP: 8/24
 12605 | D:9      | Noticed a centaur warrior
 12621 | D:9      | Killed a centaur warrior
 12876 | D:9      | Identified the +3 trident of the Nurturing Gods {flame,
                  | rF++ Dex+6}
 12913 | D:9      | Noticed a hell knight
 12913 | D:9      | Noticed a centaur warrior
 12950 | D:9      | Killed a centaur warrior
 13165 | D:9      | Noticed a hell knight
 13172 | D:9      | Killed a hell knight
 13178 | D:9      | Killed a hell knight
 13325 | D:9      | Found a faded altar of an unknown god.
 13468 | D:9      | Found Dumeiso's Mayhem Merchandise.
 13720 | D:10     | Entered Level 10 of the Dungeon
 14034 | D:10     | Found an opulent altar of Gozag.
 14295 | D:10     | Noticed a two-headed ogre
 14312 | D:10     | Killed a two-headed ogre
 15554 | D:11     | Noticed Gastronok
 15702 | D:11     | Noticed Erica
 15767 | Lair:1   | Entered Level 1 of the Lair of Beasts
 16925 | Lair:1   | Noticed a catoblepas
 17246 | Orc:1    | Entered Level 1 of the Orcish Mines
 17542 | Orc:1    | Noticed an ettin
 17565 | Orc:1    | Slain by an ettin

Illustrated notes

Levels and vault maps discovered:
D:1:      minmay_arrival_wavy_path, layout_loops_ring, serial_forest,
          infiniplex_forest_lined_room_2, infiniplex_forest_lined_3,
          infiniplex_forest_clump_small, infiniplex_forest_end_2,
          infiniplex_forest_lined_2, infiniplex_forest_lined_ring,
          nicolae_the_louvre
D:2:      layout_basic, minmay_pentomino_t4
D:3:      layout_rooms, mainiacjoe_overflow_concentric_impassable,
          serial_bayou_lagoon_a
D:4:      layout_rooms, mainiacjoe_overflow_catwalk,
          mainiacjoe_overflow_small_starburst, temple_green, uniq_pikel,
          uniq_duvessa
D:5:      layout_cave_pods, gammafunk_temple_overflow_arena,
          trog_ov_bears_minmay, uniq_sigmund
D:6:      layout_loops_ring, uniq_edmund
D:7:      layout_loops_corners, gammafunk_temple_overflow_wave, serial_undead,
          serial_undead_f, serial_undead_a, serial_undead_e, serial_undead_f,
          serial_undead_e, serial_undead_c, serial_undead_f, serial_undead_f,
          corexii_hall_statues_s
D:8:      layout_layer_cave
D:9:      regret_index_infernal_bastille, layout_loops_corners,
          yredelemnul_forgotten_temple_becter, mainiacjoe_overflow_alcove_1,
          old_standard_altar, zombieorc1_lemuel, nicolae_specific_store,
          minmay_shop_mayhem, uniq_psyche, uniq_harold
D:10:     layout_cave_pods, marbit_many_paths, minmay_splitting_lines,
          minmay_protected_statue
D:11:     layout_rooms, nrook_loot_triangle, uniq_lodul, uniq_gastronok,
          uniq_erica
Temple:   nicolae_temple_ecumenical_triangle
Lair:1:   layout_roguey, nicolae_quartered_pool_super, serial_bayou_shore_a
Orc:1:    layout_caves

Skill      XL: |  1  2  3  4  5  6  7  8  9 10 11 12 |
---------------+-------------------------------------+-----
Conjurations   | 2 3 4 5 6 7 |  7.1
Spellcasting   | 5 6 7 8 9 |  9.5
Invocations    | 1 2 3 4 5 6 7 8 |  8.8
Fighting       | 1 2 3 5 6 7 8 |  8.0
Short Blades   | 1 2 3 5 6 7 8 |  8.0
Long Blades    | 1 2 3 5 6 7 8 |  8.0
Axes           | 1 2 3 5 6 7 8 |  8.0
Maces & Flails | 1 2 3 5 6 7 8 |  8.0
Polearms       | 1 2 3 5 6 7 8 |  8.0
Staves         | 1 2 3 5 6 7 8 |  8.0
Ranged Weapons | 1 2 3 5 6 7 8 |  8.0
Throwing       | 1 2 3 5 6 7 8 |  8.0
Armour         | 1 2 3 5 6 7 8 |  8.0
Shields        | 1 2 3 5 6 7 8 |  8.0
Unarmed Combat | 1 2 3 5 6 7 8 |  8.0
Evocations     | 1 2 3 5 6 7 8 |  8.0
Shapeshifting  | 1 2 3 4 5 6 7 |  7.3
Hexes          | 1 2 3 4 5 6 |  6.7
Summonings     | 1 2 3 4 5 6 |  6.7
Necromancy     | 1 2 3 4 5 6 |  6.7
Translocations | 1 2 3 4 5 6 |  6.7
Fire Magic     | 1 2 3 4 5 6 |  6.7
Ice Magic      | 1 2 3 4 5 6 |  6.7
Air Magic      | 1 2 3 4 5 6 |  6.7
Earth Magic    | 1 2 3 4 5 6 |  6.7
Dodging        | 5 6 7 8 9 |  9.3
Stealth        | 5 6 7 8 9 |  9.1
Alchemy        | 6 7 8 |  8.7

Action                     |  1- 3 |  4- 6 |  7- 9 | 10-12 || total
---------------------------+-------+-------+-------+-------++-------
  Melee: Spear             |       |    28 |   328 |  1214 ||  1570
         Bite              |       |     3 |    30 |   166 ||   199
         Punch             |       |       |     3 |       ||     3
         Flail             |       |       |       |    23 ||    23
         Unarmed           |       |       |       |     3 ||     3
         War axe           |       |       |       |     5 ||     5
  Throw: Dart              |       |       |       |     5 ||     5
   Cast: Sting             |    64 |    57 |     1 |       ||   122
 Invoke: Heroism           |       |       |       |    11 ||    11
         Finesse           |       |       |       |     2 ||     2
  Evoke: Wand              |       |       |       |     9 ||     9
    Use: Potion            |       |     1 |       |     8 ||     9
         Scroll            |       |       |     4 |    16 ||    20
   Stab: Sleeping          |       |       |     1 |       ||     1
         Paralysed         |       |       |       |    15 ||    15
 Armour: Robe              |     8 |    14 |     5 |       ||    27
         Scale mail        |       |    14 |     1 |       ||    15
         Plate armour      |       |       |   221 |   716 ||   937
         Chain mail        |       |       |       |   126 ||   126
         Skin              |       |       |       |     5 ||     5
  Dodge: Dodged            |    13 |    25 |   156 |   511 ||   705
  Block: Buckler           |       |       |    28 |   295 ||   323
         Reflection        |       |       |       |     3 ||     3

Table legend: (Time is in decaauts)
 A = Elapsed time spent in this place.
 B = Non-inter-level travel time spent in this place.
 C = Inter-level travel time spent in this place.
 D = Time resting spent in this place.
 E = Time spent auto-exploring this place.
 F = Levels seen in this place.
 G = Mean time per level.
                   A        B        C        D        E       F      G
               +--------+--------+--------+--------+--------+-----+--------+
         Total |  17287 |  15878 |   1409 |   4177 |   8023 |  14 | 1234.8 |
       Dungeon |  16375 |  15007 |   1368 |   3798 |   7866 |  11 | 1488.6 |
        Temple |      4 |      4 |      0 |      0 |      0 |   1 |    4.0 |
          Lair |    605 |    565 |     40 |    212 |    133 |   1 |  605.0 |
  Orcish Mines |    301 |    301 |      0 |    167 |     24 |   1 |  301.0 |
               +--------+--------+--------+--------+--------+-----+--------+

Top non-repeatable levels by time:
     D:9: 3764 daAuts
     D:8: 2108 daAuts
     D:7: 1964 daAuts
    D:10: 1743 daAuts
     D:5: 1355 daAuts
     D:1: 1334 daAuts
     D:6: 1138 daAuts
     D:2: 1082 daAuts
     D:4: 943 daAuts
     D:3: 892 daAuts
  Lair:1: 605 daAuts
   Orc:1: 301 daAuts
    D:11: 49 daAuts
  Temple: 4 daAuts
